 Dungeon Crawl Stone Soup version 0.21.0-3-g78d12a8 (webtiles) character file.

14135 Megalobster the Covert (level 11, -3/54 HPs)
             Began as a Spriggan Enchanter on Jan 15, 2018.
             Was an Elder of Yredelemnul.
             Slain by a death yak (6 damage)
             ... on level 10 of the Dungeon.
             The game lasted 01:03:29 (17713 turns).

Megalobster the Covert (Spriggan Enchanter)        Turns: 17713, Time: 01:03:30

Health: -3/54      AC:  6    Str:  4    XL:     11   Next: 84%
Magic:  14/24      EV: 28    Int: 21    God:    Yredelemnul [****..]
Gold:   218        SH:  0    Dex: 16    Spells: 15/27 levels left

rFire    . . .     SeeInvis +   b - +2 dagger (drain)
rCold    . . .     Gourm    .   (shield restricted)
rNeg     + . .     Faith    .   T - +2 robe {rN+}
rPois    .         Spirit   .   d - +1 hat
rElec    .         Reflect  .   M - +0 cloak
rCorr    .         Harm     .   (gloves unavailable)
MR       +....                  (boots unavailable)
Stlth    +++++++...             h - amulet of magic regeneration
HPRegen  0.18/turn              y - ring of wizardry
MPRegen  0.44/turn              p - ring of stealth

@: very quick
A: very small, unfitting armour, see invisible, herbivore, speed 3, slow
metabolism 2
a: Recall Undead Slaves, Injury Mirror, Animate Dead, Drain Life, Renounce
Religion


You were on level 10 of the Dungeon.
You worshipped Yredelemnul.
Yredelemnul was greatly pleased with you.
You were not hungry.

You visited 2 branches of the dungeon, and saw 12 of its levels.
You also visited: Sewer.

You collected 490 gold pieces.
You spent 272 gold pieces at shops.

Inventory:

Hand Weapons
 a - a +4 dagger
 b - a +2 dagger of draining (weapon)
 F - a +1 dagger of freezing
 O - a +1 scimitar of flaming
Missiles
 j - 294 stones (quivered)
 s - 8 throwing nets {!f}
Armour
 d - a +1 hat (worn)
 r - a +2 animal skin
 D - a +0 troll leather armour
 E - a +0 robe
 H - a +1 robe of magic resistance
 M - a +0 cloak (worn)
 P - a +2 robe of positive energy
 T - a +2 robe of positive energy (worn)
Jewellery
 h - an amulet of magic regeneration (around neck)
 p - a ring of stealth (right hand)
 y - a ring of wizardry (left hand)
 A - an uncursed amulet of regeneration
 R - the amulet of the Crushed Tables {Harm *Drain rElec rPois Str+4 Dex-3, unknown}
   (You found it on level 9 of the Dungeon)

   [amulet of harm]

   It increases damage dealt and taken.
   It affects your strength (+4).
   It affects your dexterity (-3).
   It insulates you from electricity.
   It protects you from poison.
   It causes draining when unequipped.
Wands
 G - a wand of random effects (31)
 N - a wand of polymorph (12)
Scrolls
 e - 7 scrolls of teleportation
 g - 3 scrolls of fog
 k - a scroll of enchant armour {unknown}
 l - 7 scrolls of remove curse {@r2}
 n - 3 scrolls of magic mapping {unknown}
 u - 3 scrolls of random uselessness
 w - a scroll of blinking {unknown}
 x - a scroll of fear {unknown}
 B - a scroll of amnesia {unknown}
 C - a scroll of enchant weapon
 Q - a scroll of vulnerability {unknown}
Potions
 f - 3 potions of lignification
 m - 4 potions of mutation
 o - a potion of might {unknown}
 q - 4 potions of brilliance
 t - a potion of haste {unknown}
 v - 2 potions of flight
 z - a potion of magic {unknown}
 J - a potion of ambrosia
 K - 2 potions of heal wounds
 L - a potion of agility
Books
 c - a book of Maledictions

   Spells                             Type                      Level
   a - Corona                         Hexes                        1
   b - Ensorcelled Hibernation        Hexes/Ice                    2
   c - Confuse                        Hexes                        3
   d - Tukima's Dance                 Hexes                        3
   e - Dazzling Spray                 Conjuration/Hexes            3
 i - a book of Frost

   Spells                             Type                      Level
   a - Freeze                         Ice                          1
   b - Throw Frost                    Conjuration/Ice              2
   c - Ozocubu's Armour               Charms/Ice                   3
   d - Throw Icicle                   Conjuration/Ice              4
   e - Summon Ice Beast               Ice/Summoning                4
Comestibles
 I - 13 rations


   Skills:
 + Level 4.6 Fighting
 + Level 8.0 Short Blades
 - Level 1.5 Armour
 * Level 12.2 Dodging
 * Level 13.9 Stealth
 + Level 8.9 Spellcasting
 - Level 7.0 Hexes
 * Level 7.3 Invocations


You had 15 spell levels left.
You knew the following spells:

 Your Spells              Type           Power        Failure   Level  Hunger
a - Corona                Hex            #####..      1%          1    None
b - Ensorcelled Hibernat  Hex/Ice        ###...       1%          2    None
c - Confuse               Hex            #####...     1%          3    None
d - Tukima's Dance        Hex            #####...     1%          3    None
e - Dazzling Spray        Conj/Hex       ###...       1%          3    None


Dungeon Overview and Level Annotations

Branches:
Dungeon (11/15)            Temple (1/1) D:6            Lair (0/6) D:11
    Orc (0/2) D:10

Altars:
Ashenzari
Cheibriados
Dithmenos
Elyvilon
Fedhas
Gozag
Hepliaklqana
Kikubaaqudgha
Makhleb
Nemelex Xobeh
Okawaru
Qazlal
Ru
Sif Muna
Trog
Uskayaw
Vehumet
Wu Jian
Xom
Yredelemnul
Zin
The Shining One

Shops:
D:6 :   D:8 !


Innate Abilities, Weirdness & Mutations

You are very small and have problems with some larger weapons.
You are too small for most types of armour.
You have supernaturally acute eyesight. (SInv)
You are a herbivore.
You cover ground extremely quickly.
You need consume almost no food.


Message History

Your orc zombie barely misses the death yak.
You take 17 damage, and have 23/54 hp.
MASSIVE DAMAGE!!
You now have 16/24 mp.
Casting: Confuse
Confirm with . or Enter, or press ? or * to list all spells.
Aiming: Confuse
Press: ? - help, Shift-Dir - straight line, f/p - death yak
Aim: a death yak (lightly wounded, chance to defeat MR: 8%)
The death yak resists with almost no effort.
The death yak gores you!!
* * * LOW HITPOINT WARNING * * *
Your hornet zombie hits the death yak but does no damage.
Your orc wizard zombie closely misses the death yak.
You take 20 damage, and have 3/54 hp.
MASSIVE DAMAGE!!
You now have 13/24 mp.
You hit the death yak but do no damage. You drain the death yak!
The death yak is moderately wounded.
Your hornet zombie hits the death yak.
Your orc zombie hits the death yak but does no damage.
The death yak gores you.
You die...
Your body rises from the dead as a mindless zombie.

....#......[.#########'###.....#
....#..)............#...##.....#
....#..)............#...#......#
....#.).............#...#......#
....#...............#...#......#
....#...)...........#...#......#
.#'##...............#'###########
#......#########Z##.............#
#......#.....#.Y@Z#.............#
#......#.....#.ZZ.#.............#
#......#.....#....#.Z...........#
#......#.....#....#Z.......(....#
#......#.....#....#Z............#
#......#.....#....'.............#
#......##'####.##.#.............#
####.......######.###.....#######
#.....ZZ#..Z.....#.....#


You could see a death yak, a friendly hornet zombie, 2 friendly orc zombies and
a friendly orc wizard zombie.

Vanquished Creatures
  Harold (D:10)
  A hydra (D:11)
  The ghost of Miyamura the Fighter, a journeyman DsWn of Kikubaaqudgha (D:10)
  Erolcha (D:10)
  4 two-headed ogres
  A death yak (D:10)
  Erica (D:8)
  A cyclops (D:11)
  Joseph (D:10)
  A gargoyle (D:11)
  A queen bee (D:9)
  A troll (D:10)
  The ghost of komo4ek the Covert, a novice SpAs (D:4)
  A hornet (D:10)
  A hippogriff (D:8)
  Sigmund (D:6)
  A dancing weapon (D:8)
  A hungry ghost (D:7)
  2 orc warriors
  3 ice beasts
  A necrophage (D:9)
  2 sky beasts
  A black bear (D:7)
  3 ogres
  5 centaurs
  A crocodile (D:7)
  4 big kobolds
  4 bullfrogs
  A gnoll sergeant (D:6)
  A wyvern zombie (D:10)
  5 scorpions
  23 killer bees
  The ghost of komo4ek the Magician, a weakling HuWz (D:3)
  4 howler monkeys
  4 crimson imps
  A jelly (D:5)
  A hound (D:9)
  A centaur skeleton (D:6)
  2 bullfrog skeletons
  4 orc priests
  3 iguanas
  8 orc wizards
  2 worker ants
  A hound skeleton (D:7)
  A howler monkey zombie (D:5)
  3 worker ant zombies
  Robin (D:2)
  6 gnolls
  2 river rats (D:4)
  17 adders
  A shadow imp (D:7)
  13 oozes
  An adder zombie (D:10)
  3 adder skeletons
  14 worms
  7 leopard geckos
  21 orcs
  10 giant cockroaches
  14 hobgoblins
  17 jackals
  9 kobolds
  5 quokkas
  3 ball pythons (Sewer)
  13 bats
  A frilled lizard (D:1)
  14 goblins
  2 leopard gecko skeletons
  An orc zombie (D:10)
  2 quokka skeletons
  A quokka zombie (D:6)
  15 rats
306 creatures vanquished.

Vanquished Creatures (collateral kills)
  A two-headed ogre (D:9)
  2 death yaks
  A hippogriff (D:10)
  A gnoll sergeant (D:7)
  A killer bee (D:9)
  A centaur zombie (D:10)
  2 orc wizards
  6 gnolls
  An adder (D:6)
  14 orcs
  3 jackals (D:10)
  A kobold (D:11)
34 creatures vanquished.

Vanquished Creatures (others)
  A hydra zombie (D:11)
  4 dancing weapons
  A wight (D:11)
  A centaur zombie (D:10)
  A mummy (D:11)
  An orc zombie (D:10)
9 creatures vanquished.

Grand Total: 349 creatures vanquished

Notes
Turn   | Place    | Note
-------+----------+-------------------------------------------
     0 | D:1      | Megalobster the Spriggan Enchanter began the quest for the Orb.
     0 | D:1      | Reached XP level 1. HP: 9/9 MP: 5/5
   252 | D:1      | Reached XP level 2. HP: 13/13 MP: 7/7
   256 | D:1      | Learned a level 2 spell: Ensorcelled Hibernation
   604 | D:1      | Reached skill level 5 in Stealth
  1067 | D:1      | Reached XP level 3. HP: 16/16 MP: 8/8
  1072 | D:1      | Learned a level 3 spell: Confuse
  1451 | D:2      | Reached XP level 4. HP: 21/21 MP: 2/10
  1473 | D:2      | Found a hazy altar of Hepliaklqana.
  1589 | D:2      | Noticed Robin
  2591 | D:1      | Learned a level 3 spell: Tukima's Dance
  2697 | D:2      | Killed Robin
  2697 | D:2      | Reached skill level 6 in Stealth
  3055 | D:2      | Reached XP level 5. HP: 22/24 MP: 7/12
  3074 | D:2      | Learned a level 3 spell: Dazzling Spray
  4297 | D:3      | Reached skill level 5 in Spellcasting
  4316 | D:3      | Noticed an ice beast
  4330 | D:3      | Killed an ice beast
  4330 | D:3      | Reached skill level 7 in Stealth
  4330 | D:3      | Reached XP level 6. HP: 8/28 MP: 11/15
  4781 | D:3      | Noticed komo4ek's ghost (weakling HuWz)
  4890 | D:3      | Killed komo4ek's ghost
  4972 | D:3      | Found a deep blue altar of Sif Muna.
  5435 | D:4      | Found a glowing drain.
  5448 | Sewer    | Entered a sewer
  5486 | Sewer    | Reached skill level 5 in Dodging
  5658 | Sewer    | Reached XP level 7. HP: 31/32 MP: 9/16
  6945 | D:4      | Noticed komo4ek's ghost (novice SpAs)
  6960 | D:4      | Killed komo4ek's ghost
  6960 | D:4      | Reached skill level 8 in Stealth
  6960 | D:4      | Reached skill level 5 in Hexes
  7036 | D:4      | Found a bloodstained altar of Trog.
  7128 | D:5      | Entered Level 5 of the Dungeon
  7183 | D:5      | Reached XP level 8. HP: 37/37 MP: 4/17
  7276 | D:5      | Found an opulent altar of Gozag.
  7982 | D:5      | Reached skill level 1 in Fighting
  7982 | D:5      | Reached skill level 1 in Armour
  8142 | D:5      | Reached skill level 5 in Short Blades
  8437 | D:6      | Noticed Sigmund
  8855 | D:6      | Reached skill level 9 in Stealth
  8948 | D:6      | Found a staircase to the Ecumenical Temple.
  8957 | Temple   | Entered the Ecumenical Temple
  9053 | Temple   | Became a worshipper of Yredelemnul the Dark
  9487 | D:6      | Found Zin's Purification Station.
  9548 | D:6      | Killed Sigmund
  9548 | D:6      | Reached skill level 1 in Invocations
  9700 | D:6      | Reached XP level 9. HP: 7/42 MP: 6/19
  9966 | D:6      | Found a glowing silver altar of Zin.
  9970 | D:6      | Bought a potion of curing for 90 gold pieces
 10490 | D:6      | Found Itutue's Book Emporium.
 10668 | D:7      | Reached * piety under Yredelemnul
 10736 | D:7      | Reached skill level 10 in Stealth
 11794 | D:8      | Found Aluczipn's Distillery.
 11802 | D:8      | Bought a potion of agility for 56 gold pieces
 11802 | D:8      | Bought a potion of agility for 56 gold pieces
 11802 | D:8      | Bought a potion of heal wounds for 70 gold pieces
 11855 | D:8      | Reached ** piety under Yredelemnul
 11936 | D:8      | Noticed a two-headed ogre
 12401 | D:8      | Killed a two-headed ogre
 12797 | D:9      | Reached skill level 11 in Stealth
 12839 | D:9      | Noticed a two-headed ogre
 12886 | D:8      | Reached XP level 10. HP: 48/48 MP: 21/21
 13201 | D:8      | Noticed Erica
 13214 | D:8      | Killed Erica
 13541 | D:9      | Noticed a two-headed ogre
 13618 | D:9      | Killed a two-headed ogre
 13840 | D:9      | Found an iron altar of Okawaru.
 13857 | D:9      | Got a steaming bone amulet
 13954 | D:9      | Reached skill level 10 in Dodging
 13977 | D:9      | Killed a two-headed ogre
 13977 | D:9      | Reached skill level 5 in Invocations
 14180 | D:9      | Reached skill level 12 in Stealth
 14221 | D:9      | Reached *** piety under Yredelemnul
 14653 | D:9      | Noticed a two-headed ogre
 14778 | D:9      | Killed a two-headed ogre
 15839 | D:10     | Entered Level 10 of the Dungeon
 15843 | D:10     | Noticed a two-headed ogre
 15846 | D:10     | Reached XP level 11. HP: 53/53 MP: 21/24
 15867 | D:10     | Killed a two-headed ogre
 15959 | D:10     | Noticed Harold
 15964 | D:10     | Killed Harold
 16028 | D:10     | Noticed Joseph
 16038 | D:10     | Killed Joseph
 16154 | D:10     | Noticed Miyamura's ghost (journeyman DsWn)
 16197 | D:10     | Killed Miyamura's ghost
 16197 | D:10     | Reached skill level 13 in Stealth
 16371 | D:10     | Received a gift from Yredelemnul (a wight)
 16381 | D:10     | Noticed Erolcha
 16398 | D:10     | Killed Erolcha
 16667 | D:10     | Found a staircase to the Orcish Mines.
 17230 | D:11     | Reached **** piety under Yredelemnul
 17254 | D:11     | Noticed a four-headed hydra
 17256 | D:11     | Killed a four-headed hydra
 17256 | D:11     | Received a gift from Yredelemnul (a mummy)
 17291 | D:11     | Noticed a death yak
 17296 | D:11     | Noticed a death yak
 17296 | D:11     | Noticed a death yak
 17299 | D:11     | Noticed a death yak
 17303 | D:11     | Noticed a death yak
 17306 | D:11     | Noticed a death yak
 17307 | D:11     | Noticed a death yak
 17308 | D:11     | Noticed a cyan ugly thing
 17317 | D:11     | Killed a death yak
 17484 | D:10     | Killed a death yak
 17590 | D:11     | Found a staircase to the Lair.
 17642 | D:10     | Killed a death yak
 17713 | D:10     | Slain by a death yak

Skill      XL: |  1  2  3  4  5  6  7  8  9 10 11 |
---------------+----------------------------------+-----
Spellcasting   | 3 4 5 6 7 8 |  8.9
Stealth        | 5 6 7 8 9 11 12 13 | 13.9
Hexes          | 4 5 6 7 |  7.0
Dodging        | 4 5 6 7 9 10 12 | 12.2
Short Blades   | 2 4 5 6 7 8 |  8.0
Fighting       | 2 3 4 |  4.6
Armour         | 1 |  1.5
Invocations    | 1 4 5 7 |  7.3

Action                   |  1- 3 |  4- 6 |  7- 9 | 10-12 || total
-------------------------+-------+-------+-------+-------++-------
Melee: Dagger            |   109 |   457 |   655 |   387 ||  1608
Throw: Stone             |       |     5 |       |       ||     5
 Cast: Ensorcelled Hiber |     6 |    28 |    29 |    17 ||    80
       Confuse           |       |    36 |    61 |    54 ||   151
       Tukima's Dance    |       |     4 |    33 |    22 ||    59
       Dazzling Spray    |       |       |     8 |    12 ||    20
Invok: Animate Dead      |       |       |       |     6 ||     6
  Use: Scroll            |       |     2 |     9 |     2 ||    13
       Potion            |       |       |     2 |     2 ||     4
 Stab: Sleeping          |    18 |    21 |    25 |    17 ||    81
       Confused          |       |    21 |    29 |    29 ||    79
       Invisible         |       |       |     2 |     7 ||     9
       Distracted        |       |       |     3 |     3 ||     6
  Eat: Ration            |       |     4 |     6 |     4 ||    14
Armor: Robe              |    14 |     8 |       |    28 ||    50
       Animal skin       |       |    37 |    29 |     2 ||    68
Dodge: Dodged            |   112 |   394 |   437 |   301 ||  1244
